 Dungeon Crawl Stone Soup version 0.30-a0-385-gfebfb9b408 (webtiles) character file.

Game seed: 4728057093239683974

15967 thurberlil the Summoner (level 12, 0/74 HPs)
             Began as a Human Summoner on Dec 2, 2022.
             Was the Champion of Jiyva.
             Slain by a wolf (3 damage)
             ... on level 1 of the Lair of Beasts.
             The game lasted 01:18:35 (11323 turns).

thurberlil the Summoner (Human Summoner)           Turns: 11323, Time: 01:18:35

Health: 0/74       AC:  9    Str:  7    XL:     12   Next: 64%
Magic:  38/40      EV: 14    Int: 31    God:    Jiyva [******]
Gold:   641        SH:  0    Dex: 18    Spells: 1/25 levels left

rFire   . . .      SeeInvis +    i - +9 falchion of Magnificence {spect, Int+7 Dex+2}
rCold   . . .      Faith    .    (no shield)
rNeg    . . .      Spirit   .    x - +3 acid dragon scales
rPois   .          Reflect  .    (helmet unavailable)
rElec   .          Harm     .    r - +2 cloak
rCorr   +          Rampage  .    (no gloves)
Will    .....                    (no boots)
Stlth   +++.......               (no amulet)
HPRegen 1.92/turn                e - ring of magical power
MPRegen 0.77/turn                q - ring of magical power

@: no status effects
A: antennae 3, agile 1, clever 1, pseudopods 1, translucent skin 2, engulf
a: Renounce Religion, Oozemancy, Slimify


You were on level 1 of the Lair of Beasts.
You worshipped Jiyva.
Jiyva was exalted by your worship.
You visited 2 branches of the dungeon, and saw 12 of its levels.
You also visited: Sewer and Ossuary.

You collected 641 gold pieces.

Inventory:

Hand Weapons
 c - a +3 vampiric hand axe
 i - the +9 falchion of Magnificence (weapon) {spect, Int+7 Dex+2}
   (You found it on level 6 of the Dungeon)

   When its wielder attacks, the weapon's spirit leaps out and strikes again.
   The spirit shares a part of any damage it takes with its wielder.
   Int:       It affects your intelligence (+7).
   Dex:       It affects your dexterity (+2).
Missiles
 t - 5 atropa-tipped darts
Armour
 r - a +2 cloak (worn)
 x - +3 acid dragon scales (worn)
Jewellery
 e - a ring of magical power (left hand)
 q - a ring of magical power (right hand)
 u - a ring of positive energy
 v - a +4 ring of evasion
Wands
 f - a wand of polymorph (18)
 p - a wand of charming (13)
Scrolls
 g - 6 scrolls of identify
 k - a scroll of amnesia
 w - 2 scrolls of immolation
Potions
 b - 3 potions of magic
 d - a potion of lignification
 h - a potion of heal wounds
 l - 4 potions of haste
 m - 3 potions of invisibility
 n - a potion of resistance
 o - 2 potions of brilliance
 s - 2 potions of curing


   Skills:
 + Level 7.2 Dodging
 - Level 2.1 Stealth
 - Level 7.0 Spellcasting
 * Level 14.5 Summonings
 + Level 6.7 Air Magic
 + Level 6.7 Evocations


You had one spell level left.
You knew the following spells:

 Your Spells              Type           Power      Damage    Failure   Level
a - Summon Small Mammal   Summ           100%       N/A       1%          1
b - Call Imp              Summ           79%        N/A       1%          2
c - Call Canine Familiar  Summ           79%        N/A       1%          3
d - Shock                 Conj/Air       100%       1d9       2%          1
e - Summon Lightning Spi  Summ/Air       67%        N/A       1%          4
f - Summon Guardian Gole  Hex/Summ       54%        N/A       1%          3
g - Portal Projectile     Hex/Tloc       20%        N/A       26%         3
h - Airstrike             Air            26%        2d(4-20)  5%          4
i - Tukima's Dance        Hex            10%        N/A       26%         3

Your spell library contained the following spells:

 Spells                   Type           Power      Damage    Failure   Level
 Swiftness                Air            52%        N/A       1%          3
 Ensorcelled Hibernation  Hex/Ice        20%        N/A       13%         2
 Passwall                 Tmut/Erth      8%         N/A       13%         2
 Olgreb's Toxic Radiance  Pois           10%        N/A       63%         4
 Blade Hands              Tmut           5%         N/A       93%         5
 Spellforged Servitor     Conj/Summ      27%        N/A       98%         7
 Orb of Destruction       Conj           5%         9d5       100%        7
 Ozocubu's Refrigeration  Ice            5%         4d8       100%        7
 Ignition                 Fire           5%         3d4       100%        8


Dungeon Overview and Level Annotations

Branches:
Dungeon (11/15)            Temple (0/1) D:4            Lair (1/5) D:11
    Orc (0/2) D:11          Sewer (visited)         Ossuary (visited)

Altars:
Makhleb
Okawaru
Xom
Yredelemnul

Shops:
D:3 :

Annotations:
D:7 exclusion: ice statue


Innate Abilities, Weirdness & Mutations

You have a pair of large antennae on your head. (SInv)
You are agile. (Dex +4, Str/Int -1)
Your mind is acute. (Int +4, Str/Dex -1)
Armour fits poorly on your pseudopods.
Your translucent skin reduces your foes' accuracy. (Stealth+)
Your melee attacks may engulf your foes in ooze.


Message History

The burning bush throws fire at you. The puff of flame hits you!
The basilisk barely misses you.
The wolf bites you but does no damage. x3
The wolf bites you but does no damage. The wolf bites you.
Your warg bites the burning bush.
The wolf bites you but does no damage.
The burning bush throws fire at your warg.
The puff of flame hits your warg! The burning bush throws fire at you.
The puff of flame hits you! The basilisk barely misses you.
Your rat bites the burning bush but does no damage.
You turn to flesh and can move again.
Casting: Call Canine Familiar (safe; 1% risk of failure)
Confirm with . or Enter, or press ? or * to list all spells.
The wolf completely misses you. The wolf bites you! The wolf misses you.
The wolf closely misses you.
Your warg bites the burning bush but does no damage.
The wolf closely misses you.
The wolf bites you but does no damage. x2
Your rat bites the burning bush.
The basilisk gazes at you. You resist with some effort.
Your warg bites the burning bush!
The burning bush is destroyed!
Unknown command.
Casting: Summon Small Mammal (safe; 1% risk of failure)
Confirm with . or Enter, or press ? or * to list all spells.
An electric hum fills the air.
The wolf barely misses you. x3
The wolf bites you!
* * * LOW HITPOINT WARNING * * *
Your rat bites the burning bush but does no damage.
The wolf bites you!
* * * LOW HITPOINT WARNING * * *
The basilisk bites you but does no damage.
The wolf misses you. x2; Your quokka completely misses the wolf.
The wolf closely misses you. x2
Unknown command.
You swap places.
Your rat disappears in a puff of smoke!
The wolf closely misses your quokka. The wolf bites you!
* * * LOW HITPOINT WARNING * * *
The wolf bites you.
You die...

P....P...P.....##
#..P ......P.P..#
#.... .........#
#.P.. ........#
...... .......#
#P....###......#
#........hhh...#
#.P....<.lrhP..#
#........h@ยง...#
...P....8..P...#
.#.....h.P.....#
...P...P......##
#.#####..###### #
####


You could see a burning bush (ally target), a basilisk (ally target), 5 wolves,
a friendly warg (summoned), a friendly lightning spire (summoned) and a friendly
quokka (summoned).

Vanquished Creatures
  A two-headed ogre (D:11)
  An unseen horror (D:11)
  2 trolls (D:11)
  A yak (D:10)
  A shadow (D:11)
  2 wyverns (D:9)
  2 vampire mosquitoes
  2 centaurs
  A phantom (D:6)
  A kobold brigand (D:8)
  A bullfrog (D:7)
  A scorpion (D:4)
  2 killer bees (D:11)
  A howler monkey (D:10)
  A hound (D:11)
  An orc priest (D:10)
  An orc wizard (D:10)
  A dart slug (D:1)
  3 orcs
  A hobgoblin (D:2)
  A jackal (D:2)
  2 frilled lizards (Sewer)
  2 orc skeletons (D:4)
  3 rats
35 creatures vanquished.

Vanquished Creatures (collateral kills)
  A stone giant (D:11)
  3 two-headed ogres (D:9)
  A centaur warrior (D:10)
  A tengu warrior (D:11)
  A boulder beetle (D:11)
  The ghost of baller8008 the Thaumaturge, a novice DjAE of Xom (D:7)
  A cyclops (D:11)
  An ugly thing (D:11)
  A manticore (D:11)
  A freezing wraith (D:11)
  A troll (D:9)
  A burning bush (Lair:1)
  2 hornets (D:9)
  A blink frog (Lair:1)
  2 shadows (D:9)
  7 yaks
  3 vampire mosquitoes
  2 steam dragons
  3 acid dragons
  2 water moccasins
  2 orc warriors
  An ice beast (D:6)
  2 sky beasts
  A centaur (D:8)
  A wolf (D:11)
  An ogre (D:6)
  A phantom (D:4)
  2 kobold brigands (D:8)
  4 bullfrogs
  2 scorpions
  A gnoll sergeant (D:9)
  An elf skeleton (D:4)
  2 necrophages
  2 wights (D:8)
  A killer bee (D:8)
  2 howler monkeys (D:10)
  2 human zombies (D:4)
  7 hounds
  2 jellies (Sewer)
  A gnoll bouda (D:9)
  An orc priest (D:9)
  2 iguanas
  Jessica (D:2)
  Natasha (twice) (D:3)
  7 orc wizards
  8 mummies (Ossuary)
  A gnoll (D:6)
  5 adders
  3 river rats
  2 white imps
  3 worms
  18 orcs
  8 ball pythons
  4 bats
  16 endoplasms
  8 giant cockroaches
  2 goblins (D:1)
  5 hobgoblins
  3 jackals (D:2)
  2 quokkas
  4 frilled lizards
  3 hobgoblin zombies (Ossuary)
  11 kobolds
  5 kobold zombies (Ossuary)
  An orc zombie (D:4)
  9 rats
208 creatures vanquished.

Vanquished Creatures (others)
  A two-headed ogre (D:8)
  A gargoyle (D:10)
  2 vampire mosquitoes (D:10)
  A floating eye (D:9)
  An orc warrior (D:10)
  A black bear (D:5)
  2 bullfrogs
  A wight (D:8)
  3 killer bees (D:11)
  26 jellies
  2 hounds
  An orc priest (D:10)
  Natasha (D:3)
  An iguana (D:4)
  2 orc wizards
  An adder (D:3)
  3 gnolls (D:6)
  A dart slug (D:5)
  An endoplasm (D:3)
  6 orcs
  A goblin (D:4)
  A ball python (D:3)
  A frilled lizard (D:3)
  A kobold (D:8)
  A fungus (Lair:1)
  3 plants
66 creatures vanquished.

Grand Total: 309 creatures vanquished

Notes
Turn   | Place    | Note
-------+----------+-------------------------------------------
     0 | D:1      | thurberlil the Human Summoner began the quest for the Orb.
     0 | D:1      | Reached XP level 1. HP: 13/13 MP: 3/3
   322 | D:1      | Reached XP level 2. HP: 18/19 MP: 0/5
   747 | D:1      | Reached XP level 3. HP: 23/24 MP: 3/6
  1020 | D:1      | Learned a level 2 spell: Call Imp
  1024 | D:1      | Learned a level 3 spell: Call Canine Familiar
  1612 | D:2      | Reached XP level 4. HP: 30/30 MP: 3/7
  1921 | D:2      | Noticed Jessica
  1931 | D:2      | Killed Jessica
  1932 | D:2      | Reached skill level 5 in Summonings
  2245 | D:2      | Reached XP level 5. HP: 35/35 MP: 9/9
  2798 | D:3      | Found a glowing drain.
  2810 | D:3      | Noticed Natasha
  2820 | D:3      | Killed Natasha
  2838 | Sewer    | Entered a sewer
  2965 | Sewer    | Reached XP level 6. HP: 41/41 MP: 10/10
  2981 | Sewer    | Reached skill level 6 in Summonings
  3042 | Sewer    | Found a viscous altar of Jiyva.
  3053 | Sewer    | Became a worshipper of Jiyva Japnox the Shapeless
  3302 | D:3      | Found Bixuepp's Book Shoppe.
  3315 | D:3      | Noticed Natasha
  3331 | D:3      | Killed Natasha
  3643 | D:3      | Killed Natasha
  3888 | D:1      | You fall into a shaft and drop 1 floor!
  3936 | D:3      | Learned a level 1 spell: Shock
  3941 | D:3      | Learned a level 4 spell: Summon Lightning Spire
  3942 | D:4      | Found a staircase to the Ecumenical Temple.
  3961 | D:4      | Reached * piety under Jiyva
  3977 | D:3      | Gained mutation: You are robust. (+10% HP) [potion of
                  | mutation]
  3977 | D:3      | Gained mutation: You occasionally shout uncontrollably at
                  | your foes. [potion of mutation]
  3977 | D:3      | Gained mutation: You are agile. (Dex +4, Str/Int -1)
                  | [potion of mutation]
  4053 | D:4      | Found a basalt altar of Yredelemnul.
  4115 | D:4      | Found a shimmering altar of Xom.
  4116 | D:4      | Found a shimmering altar of Xom.
  4118 | D:4      | Found a shimmering altar of Xom.
  4119 | D:4      | Found a shimmering altar of Xom.
  4179 | D:4      | Reached XP level 7. HP: 47/50 MP: 12/12
  4250 | D:4      | Found a sand-covered staircase.
  4317 | D:4      | Reached skill level 7 in Summonings
  4349 | Ossuary  | Entered an ossuary
  4898 | D:4      | Reached ** piety under Jiyva
  5012 | D:5      | Entered Level 5 of the Dungeon
  5024 | D:5      | Noticed a water moccasin
  5129 | D:5      | Reached XP level 8. HP: 57/57 MP: 14/14
  5205 | D:5      | Reached skill level 8 in Summonings
  5305 | D:5      | Reached skill level 5 in Spellcasting
  5385 | D:5      | Reached *** piety under Jiyva
  5468 | D:5      | Lost mutation: You are robust. (+10% HP) [Jiyva's grace]
  5468 | D:5      | Lost mutation: You occasionally shout uncontrollably at
                  | your foes. [Jiyva's grace]
  5468 | D:5      | Gained mutation: You expend magic power (3 MP) to
                  | strengthen your wands. [Jiyva's grace]
  5468 | D:5      | Gained mutation: Your translucent skin slightly reduces
                  | your foes' accuracy. (Stealth+) [Jiyva's grace]
  5468 | D:5      | Gained mutation: Your translucent skin reduces your foes'
                  | accuracy. (Stealth+) [Jiyva's grace]
  5468 | D:5      | Gained mutation: Your transparent skin significantly
                  | reduces your foes' accuracy. (Stealth+) [Jiyva's grace]
  5950 | D:6      | Reached skill level 9 in Summonings
  6125 | D:6      | Reached **** piety under Jiyva
  6230 | D:6      | Reached XP level 9. HP: 52/57 MP: 17/17
  6309 | D:6      | Identified the +9 falchion of Magnificence {spect, Int+7
                  | Dex+2}
  6728 | D:7      | Noticed baller8008's ghost (novice DjAE)
  6728 | D:7      | You fall into a shaft and drop 2 floors!
  6805 | D:8      | Reached skill level 10 in Summonings
  7023 | D:7      | Reached ***** piety under Jiyva
  7097 | D:7      | Found a runed translucent door.
  7125 | D:7      | Killed baller8008's ghost
  7126 | D:7      | Reached skill level 11 in Summonings
  7206 | D:7      | Noticed an ice statue
  7407 | D:7      | Found an iron altar of Okawaru.
  7651 | D:8      | Learned a level 3 spell: Summon Guardian Golem
  7699 | D:8      | Noticed a slime creature
  7768 | D:8      | Reached XP level 10. HP: 63/63 MP: 20/20
  7793 | D:8      | Reached skill level 1 in Air Magic
  7834 | D:8      | Noticed a two-headed ogre
  7850 | D:8      | Killed a two-headed ogre
  7913 | D:8      | Lost mutation: Your transparent skin significantly reduces
                  | your foes' accuracy. (Stealth+) [Jiyva's grace]
  7913 | D:8      | Gained mutation: Your mind is acute. (Int +4, Str/Dex -1)
                  | [Jiyva's grace]
  7913 | D:8      | Gained mutation: Your mind is very acute. (Int +8, Str/Dex
                  | -2) [Jiyva's grace]
  7913 | D:8      | Gained mutation: You have a small jelly attached to you
                  | that may absorb projectiles. [Jiyva's grace]
  7913 | D:8      | Gained mutation: Armour fits poorly on your pseudopods.
                  | [Jiyva's grace]
  8269 | D:8      | Found a burning altar of Makhleb.
  8534 | D:9      | Learned a level 3 spell: Portal Projectile
  8652 | D:9      | Noticed a two-headed ogre
  8661 | D:9      | Killed a two-headed ogre
  8662 | D:9      | Reached skill level 12 in Summonings
  8764 | D:9      | Noticed a two-headed ogre
  8783 | D:9      | Killed a two-headed ogre
  8784 | D:9      | Reached XP level 11. HP: 65/68 MP: 21/21
  8839 | D:9      | Noticed a two-headed ogre
  8845 | D:9      | Paralysed by a hornet for 2 turns
  8846 | D:9      | HP: 1/68 [two-headed ogre/+0 giant spiked club (13)]
  8850 | D:9      | Killed a two-headed ogre
  8851 | D:9      | Reached skill level 5 in Dodging
  8890 | D:9      | Reached skill level 13 in Summonings
  9343 | D:10     | Entered Level 10 of the Dungeon
  9467 | D:10     | Reached skill level 5 in Air Magic
  9536 | D:10     | Reached skill level 5 in Evocations
  9819 | D:10     | Reached ****** piety under Jiyva
 10139 | D:10     | Noticed a centaur warrior
 10145 | D:10     | Killed a centaur warrior
 10202 | D:11     | Lost mutation: Your mind is very acute. (Int +8, Str/Dex
                  | -2) [Jiyva's grace]
 10202 | D:11     | Lost mutation: You have a small jelly attached to you that
                  | may absorb projectiles. [Jiyva's grace]
 10202 | D:11     | Lost mutation: You expend magic power (3 MP) to strengthen
                  | your wands. [Jiyva's grace]
 10202 | D:11     | Gained mutation: You have a pair of small antennae on your
                  | head. [Jiyva's grace]
 10202 | D:11     | Gained mutation: You have a pair of antennae on your head.
                  | [Jiyva's grace]
 10202 | D:11     | Gained mutation: You have a pair of large antennae on your
                  | head. (SInv) [Jiyva's grace]
 10202 | D:11     | Gained mutation: Your melee attacks may engulf your foes in
                  | ooze. [Jiyva's grace]
 10206 | D:11     | Found a staircase to the Lair.
 10250 | D:11     | Noticed a green ugly thing
 10257 | D:11     | Noticed a manticore
 10294 | D:11     | Killed a manticore
 10298 | D:11     | Killed a green ugly thing
 10299 | D:11     | Reached XP level 12. HP: 55/74 MP: 22/22
 10364 | D:11     | Learned a level 4 spell: Airstrike
 10368 | D:11     | Learned a level 3 spell: Tukima's Dance
 10437 | D:11     | Reached skill level 14 in Summonings
 10439 | D:11     | Noticed a two-headed ogre
 10445 | D:11     | Killed a two-headed ogre
 10513 | D:11     | Found a staircase to the Orcish Mines.
 10910 | D:11     | Noticed a boulder beetle
 10953 | D:11     | Killed a boulder beetle
 10957 | D:11     | Found a runed translucent door.
 10959 | D:11     | Noticed a tengu warrior
 10959 | D:11     | Noticed a stone giant
 10973 | D:11     | Killed a stone giant
 10979 | D:11     | Killed a tengu warrior
 11302 | Lair:1   | Entered Level 1 of the Lair of Beasts
 11323 | Lair:1   | HP: 3/74 [wolf (9)]
 11323 | Lair:1   | Slain by a wolf

Illustrated notes

Levels and vault maps discovered:
D:1:      dpeg_arrival_snail, layout_basic
D:2:      minmay_wonky_spiral, layout_basic, minivault_23, uniq_jessica
D:3:      layout_loops_ring, serial_glass, glass_columns_b, glass_columns_a,
          serial_shops, nicolae_shop_waterfront, portal_sewer_entry_a,
          uniq_natasha
D:4:      layout_rooms, xom_redecorated, mainiacjoe_overflow_paths,
          temple_statues, nicolae_ossuary_entry_catacombs, nrook_loot_triangle
D:5:      layout_basic
D:6:      layout_basic, st_stairs_6
D:7:      lemuel_ice_statue, layout_loops_cross, lemuel_coloured_pillars_altar,
          hellmonk_ghost_happy_afterlife
D:8:      wad_cavern_with_rooms, layout_loops_ring,
          nicolae_overflow_crystal_walls
D:9:      layout_irregular_city, onia_ninara_cookie
D:10:     layout_long_grid, minmay_stone_trees_small
D:11:     layout_loops_ring, erik_lair_island, orc_0_dummy, wad_hexagon
Lair:1:   layout_loops_ring, portal_ice_cave_entry_imps, evilmike_ambush
          [evilmike_ambush_outer_basic, evilmike_ambush_inner_wall_1]

Skill      XL: |  1  2  3  4  5  6  7  8  9 10 11 12 |
---------------+-------------------------------------+-----
Summonings     | 5 6 7 9 11 12 13 14 | 14.5
Spellcasting   | 3 4 5 7 |  7.0
Air Magic      | 3 5 6 |  6.7
Dodging        | 4 6 7 |  7.2
Evocations     | 3 5 6 |  6.7
Stealth        | |  2.1

Action                   |  1- 3 |  4- 6 |  7- 9 | 10-12 || total
-------------------------+-------+-------+-------+-------++-------
Melee: Unarmed           |     2 |       |       |       ||     2
       Short sword       |    17 |    43 |       |       ||    60
       Spear             |       |     9 |    34 |       ||    43
       Falchion          |       |       |    11 |    59 ||    70
       Pseudopods        |       |       |       |    21 ||    21
       Punch             |       |       |       |     2 ||     2
 Cast: Summon Small Mamm |    41 |    50 |    65 |    74 ||   230
       Call Imp          |     2 |    11 |    11 |    20 ||    44
       Call Canine Famil |     2 |    13 |    20 |    26 ||    61
       Summon Lightning  |       |       |     3 |    10 ||    13
       Summon Guardian G |       |       |     1 |     8 ||     9
       Portal Projectile |       |       |       |     5 ||     5
       Shock             |       |       |       |     1 ||     1
  Use: Scroll            |     5 |     4 |     8 |     5 ||    22
       Potion            |     2 |     4 |     2 |     5 ||    13
 Stab: Sleeping          |       |     4 |     6 |     1 ||    11
       Distracted        |       |     1 |       |     1 ||     2
Armor: Robe              |     6 |    19 |    18 |    18 ||    61
       Acid dragon scale |       |       |       |    14 ||    14
Dodge: Dodged            |    40 |    66 |    64 |   201 ||   371

Table legend: (Time is in decaauts)
 A = Elapsed time spent in this place.
 B = Non-inter-level travel time spent in this place.
 C = Inter-level travel time spent in this place.
 D = Time resting spent in this place.
 E = Time spent auto-exploring this place.
 F = Levels seen in this place.
 G = Mean time per level.
                   A        B        C        D        E       F      G
               +--------+--------+--------+--------+--------+-----+--------+
         Total |  11384 |  10622 |    762 |      0 |   5151 |  14 |  813.1 |
       Dungeon |  10698 |   9936 |    762 |      0 |   5050 |  11 |  972.5 |
          Lair |     22 |     22 |      0 |      0 |      0 |   1 |   22.0 |
         Sewer |    381 |    381 |      0 |      0 |     97 |   1 |  381.0 |
       Ossuary |    282 |    282 |      0 |      0 |      3 |   1 |  282.0 |
               +--------+--------+--------+--------+--------+-----+--------+

Top non-repeatable levels by time:
     D:1: 1494 daAuts
     D:2: 1416 daAuts
    D:11: 1107 daAuts
     D:8: 972 daAuts
     D:9: 944 daAuts
     D:6: 892 daAuts
    D:10: 859 daAuts
     D:7: 811 daAuts
     D:4: 802 daAuts
     D:3: 727 daAuts
     D:5: 668 daAuts
   Sewer: 381 daAuts
 Ossuary: 282 daAuts
  Lair:1: 22 daAuts
